 Dungeon Crawl Stone Soup version bcrawl-1.23.3-19-gdc5968f444 (webtiles) character file.

Game seed: 17542461548607250014

58 Freyura the Skirmisher (level 4, 0/29 HPs)
             Began as a Gargoyle Monk on June 10, 2020.
             Slain by a worm (5 damage)
             ... on level 2 of the Dungeon.
             The game lasted 00:02:20 (1222 turns).

Freyura the Skirmisher (Gargoyle Monk)              Turns: 1222, Time: 00:02:21

Health: 0/29       AC: 11    Str: 15    XL:     4   Next: 2%
Magic:  0/5        EV: 10    Int: 10    God:
Gold:   148        SH:  0    Dex: 13    Spells: 3/3 levels left

rFire    . . .     SeeInvis .   a - +0 mace
rCold    . . .     Gourm    .   (no shield)
rNeg     + . .     Faith    .   g - +0 scale mail
rPois    ∞         Spirit   +   c - +0 hat
rElec    +         Reflect  .   (no cloak)
rCorr    .         Harm     .   p - +0 pair of gloves (curse)
MR       .....                  (no boots)
Stlth    +.........             d - amulet of guardian spirit
HPRegen  0.09/turn              (no ring)
MPRegen  0.09/turn              (no ring)

@: no status effects
A: negative energy resistance 1, electricity resistance, unbreathing,
petrification resistance, rot immunity, AC +3
a: no special abilities


You were on level 2 of the Dungeon.
You were not hungry.

You visited 1 branch of the dungeon, and saw 2 of its levels.

You collected 148 gold pieces.

Inventory:

Hand Weapons
 a - a +0 mace (weapon)
Armour
 b - a +0 robe
 c - a +0 hat (worn)
 g - a +0 scale mail (worn)
 p - a cursed +0 pair of gloves (worn)
Jewellery
 d - an amulet of guardian spirit (around neck)
Scrolls
 f - a scroll of remove curse
 j - 2 scrolls of identify {unknown}
Potions
 h - a potion of heal wounds {unknown}
 i - a potion of mutation {unknown}
 k - a potion of agility {unknown}
 l - a potion of magic {unknown}
 m - 2 potions of cancellation {unknown}
 n - 2 potions of curing {unknown}
 o - 2 potions of haste {unknown}
Comestibles
 e - 4 rations {!d}


   Skills:
 + Level 3.8 Fighting
 * Level 3.7 Maces & Flails
 + Level 1.3 Armour
 + Level 2.8 Dodging
 - Level 2.4 Stealth
   Level 2.1 Invocations


You had 3 spell levels left.
You didn't know any spells.
Your spell library was empty.

Dungeon Overview and Level Annotations

Branches:
Dungeon (2/12)

Altars:
Trog


Innate Abilities, Weirdness & Mutations

You are resistant to torment.
Your stone body is resilient. (AC +3)
You are immune to poison.
You resist negative energy. (rN+)
You are resistant to electric shocks. (rElec)
You can survive without breathing.
You are immune to petrification.
You are immune to rotting.


Message History

The worm is severely wounded.
The worm barely misses you. The worm bites you but does no damage.
You thump the worm!
The worm is almost dead.
The worm barely misses you.
You hit the worm but do no damage.
The worm is almost dead.
The worm barely misses you.
Your scale mail prevents you from hitting the worm.
The worm is severely wounded.
The worm bites you.
* * * LOW HITPOINT WARNING * * *
You sock the worm!
You kill the worm!
You have reached level 4!
You feel stronger.
You hit the worm.
The worm is lightly wounded.
The worm bites you.
You die...

#.#.##
##.......#.#
#...... #.###
##.....##.#
#.##.## #.#
##..###### #.##.#
#.#
####....###....#
#.#
##......)######
#.######
#........
#.##...#
#....#...
#...)#.#
####...###..
####...#
#.@w...#y#r_
##.##
#.##...###.. #.#
#.##....#...
#.####.##.......)
#.......##.......
######### #....##
#####


You could see a moth of wrath and a worm (berserk).

Vanquished Creatures
  An adder (D:2)
  An ooze (D:1)
  2 worms (D:2)
  A dart slug (D:2)
  A leopard gecko (D:2)
  2 bats (D:1)
  3 giant cockroaches
  7 goblins
  4 hobgoblins
  3 jackals (D:1)
  2 kobolds (D:2)
  2 frilled lizards
  7 rats
36 creatures vanquished.

Notes
Turn   | Place    | Note
-------+----------+-------------------------------------------
     0 | D:1      | Freyura the Gargoyle Monk began the quest for the Orb.
     0 | D:1      | Reached XP level 1. HP: 14/14 MP: 2/2
    21 | D:1      | Reached XP level 2. HP: 10/19 MP: 1/3
   401 | D:1      | Reached skill level 1 in Armour
   418 | D:1      | Reached XP level 3. HP: 18/23 MP: 4/4
  1197 | D:2      | Noticed a moth of wrath
  1200 | D:2      | Found a bloodstained altar of Trog.
  1221 | D:2      | Reached XP level 4. HP: 5/29 MP: 0/5
  1222 | D:2      | Slain by a worm

Skill      XL: |  1  2 |
---------------+-------+-----
Armour         | 1 |  1.3
Fighting       | |  3.8
Maces & Flails | |  3.7
Dodging        | |  2.8
Stealth        | |  2.4
Invocations    | |  2.1

Action                   |  1- 3 |  4- 6 || total
-------------------------+-------+-------++-------
Melee: Mace              |   123 |     1 ||   124
  Eat: Chunk             |     1 |       ||     1
Armor: Robe              |    21 |       ||    21
       Scale mail        |    57 |       ||    57
Dodge: Dodged            |    87 |       ||    87
